 Dungeon Crawl Stone Soup version 0.30-a0-743-gbfdf073431 (webtiles) character file.

Game seed: 2530972050757467898

150 boo the Sneak (level 5, -9/24 HPs)
             Began as a Spriggan Enchanter on Feb 6, 2023.
             Mangled by Menkaure (17 damage)
             ... on level 4 of the Dungeon.
             The game lasted 00:17:38 (4050 turns).

boo the Sneak (Spriggan Enchanter)                  Turns: 4050, Time: 00:17:39

Health: -9/24      AC:  2    Str:  4    XL:     5   Next: 10%
Magic:  11/11      EV: 33    Int: 16    God:
Gold:   158        SH:  0    Dex: 18    Spells: 0/11 levels left

rFire   . . .      SeeInvis +    a - +1 dagger
rCold   + . .      Faith    .    (no shield)
rNeg    . . .      Spirit   .    b - +0 robe
rPois   +          Reflect  .    (helmet restricted)
rElec   .          Harm     .    (no cloak)
rCorr   .          Rampage  .    (gloves unavailable)
Will    .....                    (boots unavailable)
Stlth   +++                      n - amulet "Afubilli" {Acrobat rC+}
HPRegen 0.24/turn                o - ring of poison resistance
MPRegen 0.12/turn                (no ring)

@: lethally poisoned (-9 -> -12), acrobatic, very quick
A: very small, no large weapons, unfitting armour, see invisible, speed 3
a: no special abilities


You were on level 4 of the Dungeon.
You visited 1 branch of the dungeon, and saw 4 of its levels.

You collected 158 gold pieces.

Inventory:

Hand Weapons
 a - a +1 dagger (weapon)
Missiles
 t - 4 curare-tipped darts (quivered)
 v - 4 poisoned darts
Armour
 b - a +0 robe (worn)
Jewellery
 i - a ring of positive energy
 n - the amulet "Afubilli" (around neck) {Acrobat rC+}
   (You found it on level 3 of the Dungeon)

   [amulet of the acrobat]

   It increases your evasion while moving and waiting.
   rC:        It protects you from cold.
 o - a ring of poison resistance (left hand)
Scrolls
 e - 4 scrolls of amnesia
 f - a scroll of enchant weapon
 g - a scroll of silence {unknown}
 h - a scroll of torment {unknown}
 m - 3 scrolls of teleportation {unknown}
 s - a scroll of magic mapping {unknown}
Potions
 c - 2 potions of invisibility
 d - 2 potions of lignification
 j - a potion of might {unknown}
 k - a potion of flight {unknown}
 l - a potion of heal wounds {unknown}
 p - 2 potions of resistance {unknown}
 q - a potion of cancellation {unknown}
 r - a potion of mutation {unknown}
 u - a potion of curing {unknown}


   Skills:
 * Level 3.4 Short Blades
 + Level 3.8 Dodging
 - Level 4.5 Stealth
 + Level 3.6 Spellcasting
 + Level 4.4 Hexes
 - Level 0.7 Ice Magic


You couldn't memorise any spells.
You knew the following spells:

 Your Spells              Type           Power      Damage    Failure   Level
a - Ensorcelled Hibernat  Hex/Ice        22%        N/A       9%          2
b - Confusing Touch       Hex            16%        N/A       9%          3
c - Tukima's Dance        Hex            16%        N/A       9%          3
d - Swiftness             Air            2%         N/A       47%         3

Your spell library contained the following spells:

 Spells                   Type           Power      Damage    Failure   Level
 Dazzling Flash           Conj/Hex       18%        N/A       22%         3
 Summon Guardian Golem    Hex/Summ       9%         N/A       22%         3
 Passwall                 Tmut/Erth      1%         N/A       26%         2
 Cause Fear               Hex            8%         N/A       28%         4
 Dragon Form              Tmut           1%         N/A       100%        7
 Orb of Destruction       Conj           1%         9d5       100%        7
 Spellforged Servitor     Conj/Summ      1%         N/A       100%        7
 Dragon's Call            Summ           1%         N/A       100%        9


Dungeon Overview and Level Annotations

Branches:
Dungeon (4/15)
 Temple: D:4-7

Altars:
Ashenzari
Cheibriados
Elyvilon
Fedhas
Gozag
Makhleb
Nemelex Xobeh
Qazlal
Ru
Trog
Yredelemnul
The Shining One

Annotations:
D:3 exclusion: 2 downstairs
D:4 Edmund, Menkaure


Innate Abilities, Weirdness & Mutations

You are very small and have problems with some larger weapons.
You are too small for most types of armour.
You have supernaturally acute eyesight. (SInv)
You cover ground extremely quickly. (Speed+++)


Message History

Okay, then.
This spell is astonishingly dangerous to cast!
Memorise Swiftness, consuming 3 spell levels and leaving 0?
You start memorising the spell.
You continue memorising. x3
You finish memorising.
Spell assigned to 'd'.
Unknown command.
HP restored.
You see here a hound corpse.
There is an open door here.
A scorpion comes into view.
You see here 4 poisoned darts.
v - 4 poisoned darts A ball python comes into view.
The ball python hisses angrily.
You hit the scorpion.
The scorpion is lightly wounded.
The scorpion stings you but does no damage.
You hit the scorpion.
The scorpion is lightly wounded.
The scorpion stings you.
You closely miss the scorpion.
The scorpion is lightly wounded.
The scorpion stings you.
You are poisoned.
The scorpion poisons you!
You feel sick. The scorpion completely misses you.
You feel sick.
You feel sick.
There is a large open door here.
Found 6 stones.
You feel sick.
There is a large open door here.
You feel sick.
You feel sick.
You strike the helpless Menkaure from behind!
You puncture Menkaure!
Menkaure is heavily damaged.
You feel sick.
You feel sick. Menkaure hits you!
Ouch! That really hurt!
You die...

#.#........# #.#.
#####'######.#.# #.#.
...........##.#.# #.#.
............##.#.# #.#.
............##.#.######.#.
............##............
........................#.
.............###+#..#####.
..(......@M..........# ##
........S..........#.#
######'####.......#.##
##########s####.......#..#
#............##.......##.#
#............##.......##.##
#..........g.##.......##..###
#............##.......###....
#............'........# #####


You could see Menkaure, a scorpion and a ball python.

Vanquished Creatures
  A hound (D:4)
  Terence (D:2)
  2 adders
  An ufetubus (D:4)
  2 worms (D:2)
  A dart slug (D:1)
  An orc (D:3)
  5 ball pythons
  6 endoplasms
  5 goblins
  9 hobgoblins
  2 jackals (D:1)
  3 quokkas
  7 bats
  A frilled lizard (D:2)
  7 kobolds
  4 rats
58 creatures vanquished.

Notes
Turn   | Place    | Note
-------+----------+-------------------------------------------
     0 | D:1      | boo the Spriggan Enchanter began the quest for the Orb.
     0 | D:1      | Reached XP level 1. HP: 9/9 MP: 5/5
   230 | D:1      | Reached XP level 2. HP: 10/13 MP: 6/6
   246 | D:1      | Learned a level 2 spell: Ensorcelled Hibernation
  1194 | D:1      | You fall into a shaft and drop 1 floor!
  1202 | D:2      | Reached XP level 3. HP: 16/16 MP: 8/8
  1759 | D:2      | Noticed Terence
  1763 | D:2      | Killed Terence
  2037 | D:2      | Learned a level 3 spell: Confusing Touch
  2080 | D:2      | Found a basalt altar of Yredelemnul.
  2305 | D:2      | Reached XP level 4. HP: 11/21 MP: 9/9
  2580 | D:3      | Learned a level 3 spell: Tukima's Dance
  2749 | D:3      | Identified the amulet "Afubilli" {Acrobat rC+}
  2954 | D:3      | Found a burning altar of Makhleb.
  2956 | D:3      | Found a stormy altar of Qazlal.
  2957 | D:3      | Found a blossoming altar of Fedhas.
  2962 | D:3      | Found a bloodstained altar of Trog.
  2964 | D:3      | Found a sacrificial altar of Ru.
  2965 | D:3      | Found an opulent altar of Gozag.
  2966 | D:3      | Found a glowing golden altar of the Shining One.
  2967 | D:3      | Found a snail-covered altar of Cheibriados.
  2970 | D:3      | Found a white marble altar of Elyvilon.
  2972 | D:3      | Found a sparkling altar of Nemelex Xobeh.
  3354 | D:4      | Found a broken altar of Ashenzari.
  3400 | D:4      | Noticed a necrophage
  3739 | D:4      | Noticed Menkaure
  3889 | D:4      | Noticed Edmund
  4010 | D:4      | Reached XP level 5. HP: 20/24 MP: 11/11
  4014 | D:4      | Learned a level 3 spell: Swiftness
  4050 | D:4      | Mangled by Menkaure

Illustrated notes

Levels and vault maps discovered:
D:1:      kilobyte_arrival_exit_the_forest, layout_loops_corners,
          chequers_serial_rivers_large_b
D:2:      layout_basic, basic_altar, skrybe_limestone_x, uniq_terence
D:3:      layout_basic, nicolae_overflow_hallway_of_the_gods
D:4:      layout_basic, general_overflow_altar, nicolae_shop_vocational,
          uniq_edmund, uniq_menkaure

Skill      XL: |  1  2  3  4 |
---------------+-------------+-----
Dodging        | 3 |  3.8
Short Blades   | 2 3 |  3.4
Spellcasting   | 3 |  3.6
Hexes          | 4 |  4.4
Stealth        | |  4.5
Ice Magic      | |  0.7

Action                     |  1- 3 |  4- 6 || total
---------------------------+-------+-------++-------
  Melee: Dagger            |   167 |   128 ||   295
         Punch             |     3 |     1 ||     4
    Use: Scroll            |       |     3 ||     3
   Stab: Sleeping          |     7 |     7 ||    14
         Distracted        |     2 |     1 ||     3
 Armour: Robe              |    16 |     8 ||    24
  Dodge: Dodged            |   129 |    97 ||   226

Table legend: (Time is in decaauts)
 A = Elapsed time spent in this place.
 B = Non-inter-level travel time spent in this place.
 C = Inter-level travel time spent in this place.
 D = Time resting spent in this place.
 E = Time spent auto-exploring this place.
 F = Levels seen in this place.
 G = Mean time per level.
                   A        B        C        D        E       F      G
               +--------+--------+--------+--------+--------+-----+--------+
         Total |   2884 |   2788 |     96 |    680 |   1141 |   4 |  721.0 |
       Dungeon |   2884 |   2788 |     96 |    680 |   1141 |   4 |  721.0 |
               +--------+--------+--------+--------+--------+-----+--------+

Top non-repeatable levels by time:
     D:1: 1277 daAuts
     D:2: 614 daAuts
     D:3: 608 daAuts
     D:4: 384 daAuts
